 Dungeon Crawl Stone Soup version 0.23.2-30-g0e89c35649 (webtiles) character file.

Game seed: 6847602193141969187

4811 funkygono the Blocker (level 10, 0/79 HPs)
             Began as a Formicid Fighter on June 15, 2019.
             Slain by a wolf (4 damage)
             ... while petrified by a basilisk
             ... on level 9 of the Dungeon.
             The game lasted 00:19:38 (7704 turns).

funkygono the Blocker (Formicid Fighter)            Turns: 7704, Time: 00:19:39

Health: 0/79       AC: 12    Str: 23    XL:     10   Next: 76%
Magic:  19/19      EV:  2    Int:  9    God:
Gold:   625        SH:  0    Dex: 15    Spells: 9/9 levels left

rFire    + + .     SeeInvis +   z - +4 flail (protect)
rCold    . . .     Gourm    .   c - +1 shield
rNeg     + + +     Faith    .   B - +4 ring mail of Inviolability {rElec rF++ Dex+5}
rPois    ∞         Spirit   .   (helmet unavailable)
rElec    +         Reflect  .   (no cloak)
rCorr    .         Harm     .   (no gloves)
MR       +....                  s - +0 pair of boots
Stlth    +.........             (no amulet)
HPRegen  0.23/turn              n - ring of wizardry
MPRegen  0.16/turn              u - ring of magical power

@: petrified
A: permanent stasis, dig shafts and tunnels, four strong arms, antennae 3
a: Dig, Shaft Self


You were on level 9 of the Dungeon.
You were hungry.

You visited 2 branches of the dungeon, and saw 10 of its levels.

You collected 625 gold pieces.

Inventory:

Hand Weapons
 a - a +2 flail
 i - a +2 dagger of protection
 x - a +1 whip of electrocution
 z - a +4 flail of protection (weapon)
Missiles
 g - 270 stones (quivered)
 k - 37 sling bullets
Armour
 b - a +0 scale mail
 c - a +1 shield (worn)
 s - a +0 pair of boots (worn)
 y - a +2 chain mail of fire resistance
 B - the +4 ring mail of Inviolability (worn) {rElec rF++ Dex+5}
   (You found it on level 6 of the Dungeon)

   It affects your dexterity (+5).
   It greatly protects you from fire.
   It insulates you from electricity.
Jewellery
 n - a ring of wizardry (left hand)
 u - a ring of magical power (right hand)
 A - a +3 ring of dexterity
 C - a +3 ring of intelligence
 E - a +2 ring of evasion
Wands
 o - a wand of disintegration (14)
Scrolls
 j - a scroll of fear
 G - a scroll of remove curse
 H - a scroll of amnesia
Potions
 d - a potion of invisibility {unknown}
 e - 2 potions of flight
 h - a potion of degeneration {unknown}
 l - 3 potions of heal wounds
 m - 3 potions of agility {unknown}
 p - 6 potions of lignification
 q - 3 potions of curing {unknown}
 r - a potion of cancellation {unknown}
 t - a potion of ambrosia {unknown}
 v - 2 potions of magic {unknown}
 D - a potion of brilliance {unknown}
Comestibles
 f - 14 rations
 w - 4 chunks of flesh


   Skills:
 * Level 7.5 Fighting
 + Level 8.6 Maces & Flails
 * Level 8.6 Armour
 + Level 2.9 Dodging
 + Level 1.2 Stealth
 * Level 9.6 Shields


You had 9 spell levels left.
You didn't know any spells.
Your spell library contained the following spells:

 Spells                   Type           Power        Failure   Level  Hunger
 Animate Skeleton         Necr           N/A          24%         1    ##.....
 Pain                     Necr           #...         24%         1    ##.....
 Regeneration             Chrm/Necr      #.........   54%         3    ####...
 Vampiric Draining        Necr           #.........   54%         3    ####...
 Animate Dead             Necr           N/A          90%         4    #####..


Dungeon Overview and Level Annotations

Branches:
Dungeon (9/15)             Temple (1/1) D:6
   Lair: D:8-11         Orc: D:9-12

Altars:
Ashenzari
Cheibriados
Elyvilon
Fedhas
Gozag
Hepliaklqana
Kikubaaqudgha
Makhleb
Nemelex Xobeh
Okawaru
Qazlal
Ru
Sif Muna
Trog
Uskayaw
Wu Jian
Xom
Yredelemnul
Zin
The Shining One

Shops:
D:5 *

Annotations:
D:6 1 runed translucent door, Hycrow's ghost, novice DECj


Innate Abilities, Weirdness & Mutations

You cannot be hasted, slowed, berserked, paralysed or teleported.
You can dig through walls and to a lower floor.
Your four strong arms can wield two-handed weapons with a shield.
You have a pair of large antennae on your head. (SInv)


Message History

* * * LOW HITPOINT WARNING * * *
The basilisk bites you but does no damage.
The wolf bites you but does no damage. The wolf bites you but does no damage.
The basilisk gazes at you.
You easily resist.
The wolf bites you.
* * * LOW HITPOINT WARNING * * *
The wolf bites you!
* * * LOW HITPOINT WARNING * * *
The basilisk gazes at you.
You easily resist.
The wolf bites you but does no damage.
The basilisk bites you but does no damage.
The wolf bites you but does no damage. The wolf bites you.
The basilisk completely misses you. The wolf bites you but does no damage.
The wolf bites you but does no damage. The basilisk bites you!
* * * LOW HITPOINT WARNING * * *
The wolf bites you!
You die...

P...♣... ......P
.P.... P...♣## .....
...# #..# #hl# #@.#
############..#####
................(...
....................
.......<...#########
...........#
...........#
...........#
...........#


You could see a basilisk and a wolf.

Vanquished Creatures
  Prince Ribbit (D:6)
  2 hippogriffs (D:7)
  Menkaure (D:6)
  Edmund (D:4)
  A water moccasin (D:8)
  A porcupine (D:9)
  An orc warrior (D:7)
  5 sky beasts
  An eye of draining (D:8)
  3 phantoms
  11 ogres
  2 centaurs
  A big kobold (D:7)
  4 bullfrogs
  6 scorpions
  3 wights (D:8)
  3 crimson imps
  2 centaur zombies
  A quasit (D:8)
  An orc priest (D:3)
  A hound (D:4)
  A jelly (D:7)
  A centaur skeleton (D:7)
  4 bullfrog skeletons
  2 iguanas
  Natasha (thrice) (D:2)
  Terence (D:3)
  7 worker ants
  2 hound skeletons (D:7)
  2 howler monkey zombies
  Robin (D:4)
  4 gnolls
  A worker ant zombie (D:5)
  12 adders
  A shadow imp (D:6)
  An adder zombie (D:7)
  An adder skeleton (D:7)
  2 worms
  3 dart slugs
  15 leopard geckos
  16 orcs
  10 bats
  3 giant cockroaches
  14 goblins
  17 hobgoblins
  3 jackals (D:8)
  5 quokkas
  3 frilled lizards
  19 kobolds
  A leopard gecko skeleton (D:8)
  A quokka zombie (D:8)
  4 rats
212 creatures vanquished.

Notes
Turn   | Place    | Note
-------+----------+-------------------------------------------
     0 | D:1      | funkygono the Formicid Fighter began the quest for the Orb.
     0 | D:1      | Reached XP level 1. HP: 18/18 MP: 1/1
    88 | D:1      | Reached XP level 2. HP: 4/24 MP: 2/2
   470 | D:1      | Reached skill level 4 in Shields
   470 | D:1      | Reached XP level 3. HP: 28/29 MP: 3/3
   949 | D:2      | Reached XP level 4. HP: 30/35 MP: 4/4
   990 | D:2      | Noticed Natasha
  1004 | D:2      | Killed Natasha
  1019 | D:2      | Noticed Natasha
  1026 | D:2      | Killed Natasha
  1026 | D:2      | Reached XP level 5. HP: 7/42 MP: 5/5
  1031 | D:2      | Noticed Natasha
  1037 | D:2      | Killed Natasha
  2119 | D:2      | Found a snail-covered altar of Cheibriados.
  2241 | D:3      | Reached skill level 5 in Shields
  2242 | D:3      | Noticed Terence
  2254 | D:3      | Killed Terence
  2254 | D:3      | Reached XP level 6. HP: 40/48 MP: 6/6
  2267 | D:3      | Found a white marble altar of Elyvilon.
  3019 | D:4      | Noticed Robin
  3037 | D:4      | Noticed an ogre
  3050 | D:4      | Killed Robin
  3054 | D:4      | Killed an ogre
  3054 | D:4      | Reached skill level 5 in Armour
  3054 | D:4      | Reached skill level 1 in Dodging
  3054 | D:4      | Reached XP level 7. HP: 39/55 MP: 7/7
  3106 | D:4      | Noticed Edmund
  3134 | D:4      | Killed Edmund
  3134 | D:4      | Reached skill level 6 in Shields
  3311 | D:4      | Reached XP level 8. HP: 56/61 MP: 8/8
  3381 | D:4      | Reached skill level 5 in Fighting
  3746 | D:4      | Found an ornate altar of the Wu Jian Council.
  3927 | D:5      | Entered Level 5 of the Dungeon
  4032 | D:5      | Reached skill level 7 in Shields
  4046 | D:5      | Found Sunut's General Store.
  4213 | D:5      | Reached skill level 5 in Maces & Flails
  4288 | D:5      | Noticed a fire elemental
  4290 | D:5      | Found a stormy altar of Qazlal.
  4299 | D:5      | Noticed a water elemental
  4467 | D:5      | Reached XP level 9. HP: 69/69 MP: 9/9
  5181 | D:6      | Noticed Menkaure
  5186 | D:6      | Killed Menkaure
  5245 | D:6      | Reached skill level 8 in Shields
  5413 | D:6      | Found a runed translucent door.
  5416 | D:6      | Noticed Hycrow's ghost (novice DECj)
  5497 | D:6      | Noticed Prince Ribbit
  5518 | D:6      | Killed Prince Ribbit
  5536 | D:6      | Found a staircase to the Ecumenical Temple.
  5568 | D:6      | Got a brightly glowing ring mail
  5579 | D:6      | Identified the +4 ring mail of Inviolability {rElec rF++
                  | Dex+5} (You found it on level 6 of the Dungeon)
  5584 | Temple   | Entered the Ecumenical Temple
  6117 | D:7      | Noticed a hippogriff
  6130 | D:7      | Killed a hippogriff
  6130 | D:7      | Reached skill level 1 in Stealth
  6172 | D:7      | Reached XP level 10. HP: 72/77 MP: 10/10
  6246 | D:7      | Reached skill level 9 in Shields
  6549 | D:7      | Found a hazy altar of Hepliaklqana.
  7444 | D:8      | Found a hide-covered altar of Uskayaw.
  7704 | D:9      | Slain by a wolf

Skill      XL: |  1  2  3  4  5  6  7  8  9 10 |
---------------+-------------------------------+-----
Armour         | 4 5 6 7 8 |  8.6
Shields        | 4 5 6 7 8 9 |  9.6
Maces & Flails | 3 4 5 7 8 |  8.6
Fighting       | 4 5 6 7 |  7.5
Dodging        | 1 2 |  2.9
Stealth        | 1 |  1.2

Action                   |  1- 3 |  4- 6 |  7- 9 | 10-12 || total
-------------------------+-------+-------+-------+-------++-------
Melee: Flail             |   137 |   268 |   194 |   190 ||   789
       Dire flail        |       |       |   164 |       ||   164
  Use: Scroll            |     3 |     9 |     2 |     3 ||    17
       Potion            |       |     1 |     2 |       ||     3
 Stab: Distracted        |       |       |       |     1 ||     1
       Sleeping          |       |       |       |     1 ||     1
  Eat: Chunk             |       |     8 |    10 |     5 ||    23
Armor: Scale mail        |    89 |   123 |    40 |       ||   252
       Chain mail        |       |       |    31 |       ||    31
       Ring mail         |       |       |    15 |    63 ||    78
Dodge: Dodged            |    68 |   110 |    94 |    61 ||   333
Block: Shield            |    91 |   189 |   183 |    75 ||   538
